AoeStats
← Svenski

Nomad

509857332Analyzed
2v2 RM · 4d ago on Sep 28, 2026· 33m 4s· 4 players
Game mode
Random Map
Map size
176×176
Population
200
Speed
Normal
Resources
Standard
Victory
Conquest
Starting age
Dark Age
Ending age
Imperial Age
RankedLock teamsTeams togetherTeam positionsShared explorationLock speedFull tech treeHidden civsTurbo modeCheats
Victory
Defeat
🇧🇪 Italians · Belgium
1421
+12
🇩🇪 Celts · Germany
1360
+15
🇨🇳 Spanish · China
1398
-16
🇧🇪 Persians · Belgium
1264
-11
Fungus_Maximus
4:57 Loom
13:57 Feudal Age
14:22 Double-Bit Axe
17:25 Fishing Lines
18:30 Town Watch
23:03 Castle Age
20:56 Gold Mining
22:53 Wheelbarrow
23:19 Scale Barding Armor
23:27 Forging
23:59 Bow Saw
24:00 Husbandry
24:16 Gillnets
26:10 Chain Barding Armor
27:07 Elite Skirmisher
27:53 Light Cavalry
35:04 Imperial Age
Boyser
4:54 Loom
12:53 Feudal Age
16:39 Castle Age
14:33 Double-Bit Axe
16:14 Town Watch
17:08 Wheelbarrow
17:46 Fletching
20:39 Murder Holes
24:19 Ballistics
25:01 Fishing Lines
27:41 Gillnets
28:40 Bodkin Arrow
28:47 Padded Archer Armor
30:51 Leather Archer Armor
35:06 Imperial Age
Svenski
12:10 Loom
14:10 Feudal Age
15:03 Double-Bit Axe
16:19 Wheelbarrow
16:00 Town Watch
19:07 Castle Age
19:45 Fletching
20:35 Bow Saw
21:56 Padded Archer Armor
21:52 Bodkin Arrow
24:09 Kamandaran
24:15 Crossbowman
25:55 Leather Archer Armor
25:38 Horse Collar
26:08 Pikeman
29:05 Squires
31:51 Thumb Ring
Fsee
5:21 Loom
13:20 Feudal Age
16:55 Castle Age
15:41 Double-Bit Axe
16:57 Gold Mining
31:56 Bow Saw
Connection lost

Rejoining the realm…

Still unreachable

The connection could not be restored.

Session expired

The server has moved on; the page needs a fresh start.